 Dungeon Crawl Stone Soup version 0.22-a0-558-gc224181 (webtiles) character file.

123 Hebeh the Skirmisher (level 4, 0/41 HPs)
             Began as a Minotaur Fighter on June 27, 2018.
             Was an Initiate of Trog.
             Slain by an orc warrior
             ... wielding a +0 glaive
              (11 damage)
             ... on level 3 of the Dungeon.
             The game lasted 00:11:44 (2450 turns).

Hebeh the Skirmisher (Minotaur Fighter)             Turns: 2450, Time: 00:11:45

Health: 0/41       AC:  7    Str: 22    XL:     4   Next: 80%
Magic:  3/3        EV:  7    Int:  5    God:    Trog [......]
Gold:   233        SH: 10    Dex:  9    Spells: 3/3 levels left

rFire    . . .     SeeInvis .   a - +1 war axe
rCold    . . .     Gourm    .   c - +1 shield
rNeg     . . .     Faith    .   b - +0 scale mail
rPois    .         Spirit   .   (helmet restricted)
rElec    .         Reflect  .   (no cloak)
rCorr    .         Harm     .   (no gloves)
MR       .....                  (no boots)
Stlth    ..........             o - amulet of the acrobat
HPRegen  0.13/turn              (no ring)
MPRegen  0.08/turn              (no ring)

@: no status effects
A: retaliatory headbutt, horns 2
a: Renounce Religion


You were on level 3 of the Dungeon.
You worshipped Trog.
Trog was noncommittal.
You were not hungry.

You visited 1 branch of the dungeon, and saw 4 of its levels.

You collected 233 gold pieces.

Inventory:

Hand Weapons
 a - a +1 war axe (weapon)
Armour
 b - a +0 scale mail (worn)
 c - a +1 shield (worn)
Jewellery
 o - an amulet of the acrobat (around neck)
Scrolls
 j - 3 scrolls of identify
 k - 2 scrolls of teleportation
 m - a scroll of magic mapping
Potions
 d - a potion of might
 i - a potion of lignification
 n - 2 potions of curing
 r - a potion of mutation
Comestibles
 f - 7 rations
 h - 5 chunks of flesh


   Skills:
 + Level 4.4 Fighting
 * Level 4.3 Axes
 + Level 4.4 Armour
 + Level 4.4 Shields


You had 3 spell levels left.
You didn't know any spells.
Your spell library was empty.

Dungeon Overview and Level Annotations

Branches:
Dungeon (4/15)
 Temple: D:4-7

Altars:
Makhleb
Trog


Innate Abilities, Weirdness & Mutations

You reflexively headbutt those who attack you in melee.
You have a pair of horns on your head.


Message History

Trog accepts your kill.
You slash the orc warrior! You barely miss the orc. You hit the gnoll.
The orc barely misses you. The gnoll barely misses you.
You furiously retaliate!
You headbutt the gnoll, but do no damage.
The orc warrior closely misses you. You furiously retaliate!
You headbutt the orc warrior, but do no damage.
The orc hits you with a flail.
* * * LOW HITPOINT WARNING * * *
You hit the orc.
You kill the orc!
Trog accepts your kill.
You slash the gnoll! You closely miss the orc warrior.
You block the gnoll's attack. The orc warrior barely misses you.
The gnoll closely misses you.
You hit the gnoll. Your headbutt misses the gnoll.
The gnoll is almost dead.
You hit the orc warrior. You block the gnoll's attack.
The orc warrior hits you with a glaive!
You die...

..###.##.###...#.........^.##
....#.##.# ##.##...##.......#
..#......# #......##.......#
.....#.#.####......##.......#
#..#...............###.....##
........#...................#
.##.........................#
....##.#.......o)...........#
....(((((......)@..........######
.#...#.##.)....g.)...##..........
.................................
..##...#.............#...........
#....................#...........
####................##...........
###..<.##.###...................#
....#.###...####..####..........#
#####...##.......## #.........##


You could see an orc warrior and a gnoll.

Vanquished Creatures
  4 adders
  A gnoll (D:3)
  A worm (D:2)
  2 dart slugs
  4 leopard geckos
  An orc (D:3)
  2 giant cockroaches
  5 goblins
  5 hobgoblins
  8 jackals
  2 quokkas (D:3)
  2 ball pythons (D:2)
  9 bats
  2 frilled lizards
  10 kobolds
  7 rats
65 creatures vanquished.

Notes
Turn   | Place    | Note
-------+----------+-------------------------------------------
     0 | D:1      | Hebeh the Minotaur Fighter began the quest for the Orb.
     0 | D:1      | Reached XP level 1. HP: 19/19 MP: 0/0
   326 | D:1      | Reached XP level 2. HP: 27/27 MP: 1/1
  1206 | D:2      | Reached XP level 3. HP: 32/33 MP: 2/2
  1513 | D:2      | Found a burning altar of Makhleb.
  1763 | D:2      | Reached XP level 4. HP: 40/40 MP: 3/3
  2019 | D:3      | Found a bloodstained altar of Trog.
  2033 | D:3      | Became a worshipper of Trog the Wrathful
  2397 | D:4      | Noticed an orc warrior
  2450 | D:3      | Slain by an orc warrior

Vault maps used:
D:1:      giann_wishing_wells
D:2:      lemuel_coloured_pillars_altar, first_ration
D:3:      nicolae_overflow_crystal_walls
D:4:      serial_shops, shop, uniq_natasha, uniq_pikel

Skill      XL: |  1  2  3  4 |
---------------+-------------+-----
Axes           | 3 4 |  4.3
Fighting       | 4 |  4.4
Armour         | 4 |  4.4
Shields        | 4 |  4.4

Action                   |  1- 3 |  4- 6 || total
-------------------------+-------+-------++-------
Melee: War axe           |   100 |    39 ||   139
       Headbutt          |    14 |     5 ||    19
  Use: Scroll            |       |    12 ||    12
  Eat: Chunk             |     3 |     2 ||     5
Armor: Scale mail        |    37 |    23 ||    60
Dodge: Dodged            |    36 |    27 ||    63
Block: Shield            |    63 |    38 ||   101

Table legend:
 A = Spawn XP
 B = Non-spawn XP
 C = Spawn XP percentage of total XP
 D = Spawn monster count
 E = Non-spawn monster count
 F = Spawn count percentage of total count
 G = Total turns spent on level
                    A         B        C        D         E        F      G
               +---------+---------+-------+---------+---------+-------+---------
         Total |       0 |     177 |   0.0 |       0 |      65 |   0.0 |  2450
               +---------+---------+-------+---------+---------+-------+---------
           D:1 |       0 |      36 |   0.0 |       0 |      20 |   0.0 |  1201
           D:2 |       0 |      69 |   0.0 |       0 |      24 |   0.0 |   792
           D:3 |       0 |      72 |   0.0 |       0 |      21 |   0.0 |   447
               +---------+---------+-------+---------+---------+-------+---------
